cohdb
Replays
Latest Replays
All Replays
Popular Replays
Top Player Replays
Match Explorer
How It Works
Community
CoH3 Stats
Reddit
Sign in to upload your games and track your stats! →
Sign in with Steam
Victory Points Save the Game
Match 42925428
Overview
Messages
Build Orders
End
Kradschützen Motorcycle Team
Panzergrenadier Squad
Panzergrenadier Squad
Construct Light Support Kompanie
2.5-tonne Medical Truck
Assault Grenadier Squad
Fire Support Elements
Panzerjäger Mechanized Group
Selects Armored Support Battlegroup
Selects Superior Fire Drills
Flakvierling Half-track
le.IG 18 Support Gun Team
Pak 38 Mechanized Group
Selects Flammpanzer III Medium Tank
Selects Salvage Kits
Construct Panzerarmee Kommand
Panzer III L Medium Tank
Selects Command Panzer IV F Medium Tank
Walking Stuka Rocket Launcher
Advanced Field Repairs
Panzer III L Medium Tank
Selects Panzer Storm
Selects Stuka Dive Bomb
Panzer III L Medium Tank
MG34 Team
Panzer III L Medium Tank
Tungsten Core Ammunition
Stuka Dive Bomb
Armored Reserves
Panzer IV Assault Group
Reakly
Harvard University
0
0
Comments
sign in to comment!
No comments posted yet!